 Dungeon Crawl Stone Soup version 0.14.0-26-g1682e81 (webtiles) character file.

187 Golfball the Skirmisher (level 4, 0/40 HPs)
             Began as a Hill Orc Fighter on Apr 28, 2014.
             Slain by Terence
             ... wielding a +2,+5 flail of protection
              (9 damage)
             ... on Level 3 of the Dungeon.
             The game lasted 00:13:29 (2570 turns).

Golfball the Skirmisher (Hill Orc Fighter)          Turns: 2570, Time: 00:13:29

HP   0/40        AC  7     Str 19      XL: 4   Next: 54%
MP   4/4         EV  6     Int  8      God:
Gold 99          SH 18     Dex 10      Spells:  0 memorised,  3 levels left

rFire  . . .     SeeInvis .     a - +0 war axe
rCold  . . .     Clarity  .     b - +0 scale mail
rNeg   . . .     Conserve .     c - +0 shield
rPois  .         rCorr    .     (no helmet)
rElec  .         rRot     .     (no cloak)
SustAb . .       Spirit   .     (no gloves)
rMut   .         Warding  .     (no boots)
Saprov + . .     Stasis   .     (no amulet)
MR     .....                    (no ring)
                                s - ring of wizardry

@: not resistant to hostile enchantments, extremely unstealthy
A: saprovore 1
a: no special abilities


You were on level 3 of the Dungeon.
You were not hungry.

You visited 1 branch of the dungeon, and saw 3 of its levels.

You collected 99 gold pieces.

Inventory:

Hand weapons
 a - a +0,+0 war axe (weapon)
 p - a +1,+2 vampiric dagger
Missiles
 k - 5 darts of frost (quivered)
 r - 19 silver darts
Armour
 b - a +0 scale mail (worn)
 c - a +0 shield (worn)
Comestibles
 d - 2 meat rations
 l - 2 apples
 m - 3 chunks of hobgoblin flesh
 q - 8 grapes
 t - a rotting chunk of giant gecko flesh
 u - a rotting chunk of giant cockroach flesh
 A - a rotting chunk of bat flesh
 B - a rotting chunk of bat flesh
 C - a rotting chunk of adder flesh
 D - a bread ration
Scrolls
 f - a scroll of remove curse {unknown}
 g - 4 scrolls of identify {unknown}
 h - 2 scrolls of fog {unknown}
 i - a scroll of magic mapping {unknown}
 j - 2 scrolls of immolation {unknown}
 v - a scroll of enchant weapon I {unknown}
Jewellery
 s - a ring of wizardry (left hand)
Potions
 e - a potion of might
 n - a potion of restore abilities {unknown}
 o - 2 potions of resistance {unknown}
 w - a potion of brilliance {unknown}
 x - a potion of curing
 z - a potion of poison {unknown}
 E - a potion of berserk rage {unknown}


   Skills:
 + Level 4.2 Fighting
 + Level 3.2 Axes
 * Level 1.3 Throwing
 + Level 3.8 Armour
 + Level 0.8 Dodging
 - Level 0.3 Stealth
 + Level 3.8 Shields


You had 3 spell levels left.
You didn't know any spells.

Dungeon Overview and Level Annotations

Branches:
Dungeon (3/15)

Altars:

Annotations:
D:3 Terence


Innate Abilities, Weirdness & Mutations

You can tolerate rotten meat.


Message History

You block Terence's attack. Terence hits you with a glowing flail!
You closely miss Terence.
Terence is moderately wounded.
Terence says, "Time to say good-bye..."
Terence closely misses you.
Your shield and scale mail prevent you from hitting Terence.
Terence is moderately wounded.
Terence hits you but does no damage.
You hit Terence but do no damage.
Terence is moderately wounded.
Terence hits you with a glowing flail!
You hit Terence.
Terence is heavily wounded.
Terence hits you with a glowing flail.
* * * LOW HITPOINT WARNING * * *
You block Terence's attack.
Your shield and scale mail prevent you from hitting Terence.
Terence is heavily wounded.
Terence hits you with a glowing flail!
You die...

## #.................#
#......#..........#
#...##.##.###.....#
#.................#
#..#..............#
#..#......####'####
#..#.[....# #.#
#..#@.....# #.#
#..#.@....# #.#
#..#......# #.#
#..###.#######.#######
...# #..............(.
.## #########........
..............
#############.
........< ########.


You could see Terence.

Vanquished Creatures
  4 adders (D:2)
  2 worms (D:2)
  A giant gecko (D:2)
  A giant cockroach (D:2)
  9 hobgoblins
  3 jackals (D:1)
  5 bats
  6 goblins
  6 kobolds
  4 rats
41 creatures vanquished.

Notes
Turn   | Place    | Note
--------------------------------------------------------------
     0 | D:1      | Golfball, the Hill Orc Fighter, began the quest for the Orb.
     0 | D:1      | Reached XP level 1. HP: 19/19 MP: 1/1
   411 | D:1      | Reached XP level 2. HP: 16/27 MP: 2/2
   842 | D:2      | Reached skill level 4 in Fighting
   842 | D:2      | Reached XP level 3. HP: 11/33 MP: 3/3
  1151 | D:2      | HP: 1/33 [poisoned by an adder]
  1922 | D:2      | Reached skill level 1 in Throwing
  1922 | D:2      | Reached XP level 4. HP: 20/40 MP: 4/4
  2535 | D:3      | Noticed Terence
  2570 | D:3      | Slain by Terence

Action                   |  1- 3 |  4- 6 || total
-------------------------+-------+-------++-------
Melee: War axe           |   148 |    64 ||   212
  Use: Potion            |     1 |       ||     1
